 Dungeon Crawl Stone Soup version 0.31.0-9-g3a7656b989 (webtiles) character file.

Game seed: 4928776471517264070

1227 qw the Skirmisher (level 8, -7/46 HPs)
             Began as a Deep Elf Hunter on Feb 3, 2024.
             Mangled by a gnoll sergeant
             ... wielding a +7 spear of venom
              (9 damage)
             ... on level 5 of the Dungeon.
             The game lasted 00:01:24 (3133 turns).

qw the Skirmisher (Deep Elf Hunter)                 Turns: 3133, Time: 00:01:25

Health: -7/46      AC: 12    Str: 16    XL:     8   Next: 23%
Magic:  10/10      EV: 12    Int: 17    God:
Gold:   250        SH:  0    Dex: 18    Spells: 7/7 levels left

rFire   + . .        a - +0 shortbow
rCold   . . .        (shield currently unavailable)
rNeg    . . .        j - +0 ring mail
rPois   .            c - +1 helmet
rElec   .            (no cloak)
rCorr   .            l - +2 pair of gloves
SInv    .            k - +1 pair of boots "Qinkol" {Int+2}
Will    .....        g - amulet of regeneration
Stlth   +            d - +6 ring of strength
HPRegen 1.07/turn    e - ring of protection from fire
MPRegen 0.12/turn

%: no passive effects
@: lethally poisoned (-7 -> -11)
A: no striking features
a: no special abilities


You were on level 5 of the Dungeon.
You visited 1 branch of the dungeon, and saw 5 of its levels.

You collected 250 gold pieces.


   Skills:
 - Level 3.0 Fighting
 + Level 12.5 Ranged Weapons
 - Level 1.0 Armour
 - Level 4.0 Dodging
 - Level 1.2 Stealth


You had 7 spell levels left.
You didn't know any spells.
Your spell library was empty.

Inventory:

Hand Weapons
 a - a +0 shortbow (weapon)
Armour
 c - a +1 helmet (worn)
 j - a +0 ring mail (worn)
 k - the +1 pair of boots "Qinkol" (worn) {Int+2}
   (You found it on level 2 of the Dungeon)

   Int+2:     It affects your intelligence (+2).
 l - a +2 pair of gloves (worn)
Jewellery
 b - a +6 ring of intelligence
 d - a +6 ring of strength (left hand)
 e - a ring of protection from fire (right hand)
 g - an amulet of regeneration (around neck)
 o - an amulet of reflection
Wands
 f - a wand of paralysis (2)
Scrolls
 m - 2 scrolls of identify
Potions
 h - a potion of ambrosia {unknown}
 i - a potion of enlightenment
 n - a potion of haste

Dungeon Overview and Level Annotations

Branches:
Dungeon (5/15)
 Temple: D:4-7

Altars:
Ru


Message History

The gnoll shouts! x2
There is an open door here.
You shoot an arrow. The arrow hits the gnoll!
You kill the gnoll!
You shoot an arrow. The arrow hits the gnoll!
The gnoll is heavily wounded.
You shoot an arrow. The arrow hits the gnoll sergeant.
The gnoll sergeant is lightly wounded.
You shoot an arrow. The arrow hits the gnoll sergeant.
The gnoll sergeant is lightly wounded.
You shoot an arrow.
The arrow hits the gnoll sergeant but does no damage.
The gnoll sergeant is lightly wounded.
The gnoll sergeant hits you from afar with a +7 spear of venom!
You shoot an arrow.
The arrow barely misses the gnoll sergeant.
The arrow hits the gnoll but does no damage.
The gnoll sergeant hits you from afar with a +7 spear of venom.
You are poisoned.
You shoot an arrow.
The arrow hits the gnoll sergeant but does no damage.
The gnoll sergeant is lightly wounded.
You feel very sick.
You shoot an arrow.
The arrow barely misses the gnoll sergeant.
The arrow hits the gnoll.
The gnoll is lightly wounded.
You feel sick.
The gnoll sergeant hits you from afar with a +7 spear of venom!
You are more poisoned.
You shoot an arrow.
The arrow hits the gnoll sergeant but does no damage.
The gnoll sergeant is lightly wounded.
You feel very sick.
The gnoll sergeant hits you from afar with a +7 spear of venom!
You shoot an arrow. The arrow hits the gnoll sergeant.
The gnoll sergeant is moderately wounded.
You feel very sick.
The gnoll sergeant hits you from afar with a +7 spear of venom!
You die...

#.# #.# #####.#####.#7
##.........#..## ##
...............##+##.+
##.##....#...........#
#.###...#..#.......#
#.# ##..#..##.....##
#.####..#..###...##
#..........# ##@##
#######.#### #.# #.#
#g# #.# #g# #..


ggg #.. .o. #.. ... #... ..... You could see a gnoll sergeant, 4 gnolls and an
orc.

Vanquished Creatures
  Edmund (D:4)
  A water moccasin (D:5)
  A black bear (D:4)
  An ice beast (D:5)
  An ogre (D:5)
  Blork the orc (D:4)
  4 scorpions
  2 howler monkeys (D:5)
  A jelly (D:5)
  Natasha (thrice) (D:4)
  3 iguanas (D:5)
  A sleepcap (D:5)
  Robin (D:2)
  6 adders
  A gnoll (D:5)
  A white imp (D:5)
  A dart slug (D:4)
  A ribbon worm (D:2)
  2 orcs (D:5)
  7 endoplasms
  4 giant cockroaches
  15 goblins
  5 hobgoblins
  8 jackals
  A quokka (D:4)
  4 ball pythons
  7 bats
  6 frilled lizards
  7 kobolds
  10 rats
107 creatures vanquished.

Notes
Turn   | Place    | Note
-------+----------+-------------------------------------------
     0 | D:1      | qw the Deep Elf Hunter began the quest for the Orb.
     0 | D:1      | Reached XP level 1. HP: 12/12 MP: 3/3
     0 | D:1      | 0 ||| qw: Version: 0.3-a-155-g5e7d8dd
     0 | D:1      | 0 ||| qw: Game counter: 3017
     0 | D:1      | 0 ||| qw: Melee chars always use a shield: true
     0 | D:1      | 0 ||| qw: God list: Okawaru
     0 | D:1      | 0 ||| qw: Allow faded altars: false
     0 | D:1      | 0 ||| qw: Do Orc after clearing Dungeon:15 true
     0 | D:1      | 0 ||| qw: Do second Lair branch before Depths: true
     0 | D:1      | 0 ||| qw: Lair rune preference: random
     0 | D:1      | 0 ||| qw: Goals: Normal
     0 | D:1      | 0 ||| PLANNING D:1-11
    79 | D:1      | Reached skill level 6 in Ranged Weapons
    79 | D:1      | Reached XP level 2. HP: 16/16 MP: 4/4
   515 | D:1      | 515 ||| UPGRADING to +0 ring mail.
   525 | D:1      | 525 ||| DROPPING +0 leather armour.
   526 | D:1      | 526 ||| UPGRADING to +0 pair of gloves.
   531 | D:1      | 531 ||| UPGRADING to amulet of regeneration.
   536 | D:1      | 536 ||| READING scroll labelled SUPAQI KAQOUGI.
   536 | D:1      | 536 ||| ENCHANTING +0 pair of gloves.
   537 | D:1      | 537 ||| READING scroll labelled KERGHU ZIEMOESS.
   538 | D:1      | 538 ||| READING scroll labelled EBUJAUMYSM.
   539 | D:1      | 539 ||| READING 3 scrolls labelled HAZAHE QYRABI.
   540 | D:1      | 540 ||| READING scroll labelled ERA FUMAIGH.
   543 | D:1      | 543 ||| DROPPING scroll of butterflies.
   544 | D:1      | 544 ||| DROPPING 2 scrolls of poison.
   576 | D:2      | Reached XP level 3. HP: 10/20 MP: 5/5
   692 | D:2      | Reached skill level 7 in Ranged Weapons
   710 | D:2      | Noticed Robin
   722 | D:2      | Killed Robin
   723 | D:2      | Reached XP level 4. HP: 20/25 MP: 6/6
   808 | D:2      | Identified the +1 pair of boots "Qinkol" {Int+2}
   920 | D:2      | Found a faded altar of an unknown god.
  1089 | D:2      | 1089 ||| UPGRADING to +0 helmet.
  1094 | D:2      | 1094 ||| UPGRADING to +1 pair of boots "Qinkol" {Int+2}.
  1099 | D:2      | 1099 ||| READING scroll labelled PUNNUMUCYN.
  1110 | D:2      | 1110 ||| READING scroll labelled GEIMIL TUOXUD.
  1110 | D:2      | 1110 ||| IDENTIFYING clear potion
  1111 | D:2      | 1111 ||| READING scroll labelled SANAPSODDA.
  1112 | D:2      | 1112 ||| READING scroll labelled MIUTSU XYINIO.
  1113 | D:2      | 1113 ||| READING scroll labelled ODYLAZ PUILUABB.
  1157 | D:3      | Noticed a scorpion
  1158 | D:3      | 1158 ||| DRINKING potion of haste.
  1162 | D:3      | Killed a scorpion
  1163 | D:3      | Reached skill level 8 in Ranged Weapons
  1163 | D:3      | Reached XP level 5. HP: 29/29 MP: 7/7
  1761 | D:3      | 1761 ||| UPGRADING to +6 ring of strength.
  1762 | D:3      | 1762 ||| READING scroll of identify.
  1762 | D:3      | 1762 ||| IDENTIFYING bubbling ruby potion
  1763 | D:3      | 1763 ||| READING scroll labelled XENUISSYUGOH.
  1826 | D:4      | Reached skill level 9 in Ranged Weapons
  1866 | D:4      | Noticed a black bear
  1872 | D:4      | Reached skill level 1 in Armour
  1878 | D:4      | HP: 6/29 [black bear (6)]
  1878 | D:4      | HP: 1/29 [black bear (5)]
  1879 | D:4      | 1879 ||| READING scroll of teleportation.
  1880 | D:4      | Killed a black bear
  1881 | D:4      | Reached XP level 6. HP: 3/36 MP: 8/8
  1960 | D:4      | Noticed Natasha
  1967 | D:4      | Killed Natasha
  1988 | D:4      | Reached skill level 3 in Dodging
  2031 | D:4      | Found a sacrificial altar of Ru.
  2066 | D:4      | Noticed Edmund
  2078 | D:4      | Killed Edmund
  2123 | D:4      | Noticed Natasha
  2138 | D:4      | Killed Natasha
  2139 | D:4      | Reached skill level 10 in Ranged Weapons
  2153 | D:4      | Noticed Blork the orc
  2165 | D:4      | Killed Blork the orc
  2166 | D:4      | Reached XP level 7. HP: 40/40 MP: 9/9
  2287 | D:4      | Noticed Natasha
  2290 | D:4      | Killed Natasha
  2354 | D:4      | 2354 ||| UPGRADING to ring of protection from fire.
  2355 | D:4      | 2355 ||| DROPPING ring of magical power.
  2356 | D:4      | 2356 ||| READING 2 scrolls of identify.
  2356 | D:4      | 2356 ||| IDENTIFYING fuming grey potion
  2357 | D:4      | 2357 ||| READING scroll of identify.
  2357 | D:4      | 2357 ||| IDENTIFYING smoky pink potion
  2358 | D:4      | 2358 ||| READING scroll labelled QIAFIO ASIYSET.
  2459 | D:4      | 2459 ||| DROPPING potion of lignification.
  2460 | D:4      | 2460 ||| DROPPING potion of degeneration.
  2479 | D:5      | Entered Level 5 of the Dungeon
  2534 | D:5      | 2534 ||| READING 2 scrolls of enchant armour.
  2534 | D:5      | 2534 ||| ENCHANTING +1 pair of gloves.
  2535 | D:5      | 2535 ||| READING scroll of enchant armour.
  2535 | D:5      | 2535 ||| ENCHANTING +0 helmet.
  2604 | D:5      | Reached skill level 11 in Ranged Weapons
  2955 | D:5      | 2955 ||| RETREEEEATING.
  2956 | D:5      | 2956 ||| RETREEEEATING.
  2957 | D:5      | 2957 ||| RETREEEEATING.
  2961 | D:5      | 2961 ||| RETREEEEATING.
  2962 | D:5      | 2962 ||| RETREEEEATING.
  2965 | D:5      | 2965 ||| RETREEEEATING.
  2966 | D:5      | 2966 ||| RETREEEEATING.
  2967 | D:5      | 2967 ||| RETREEEEATING.
  2968 | D:5      | 2968 ||| RETREEEEATING.
  2969 | D:5      | 2969 ||| RETREEEEATING.
  2970 | D:5      | 2970 ||| RETREEEEATING.
  2971 | D:5      | 2971 ||| RETREEEEATING.
  3003 | D:5      | Reached skill level 12 in Ranged Weapons
  3003 | D:5      | Reached XP level 8. HP: 45/45 MP: 10/10
  3011 | D:5      | Reached skill level 3 in Fighting
  3123 | D:5      | 3123 ||| RETREEEEATING.
  3132 | D:5      | HP: 4/46 [gnoll sergeant/+7 spear of venom (13)]
  3133 | D:5      | Mangled by a gnoll sergeant

Levels and vault maps discovered:
D:1:      lemuel_arrival_funnel, layout_rooms
D:2:      layout_basic, hellmonk_ecumenical_altar_heavens_door,
          serial_corexii_hall, chequers_hall_statues_corner_a,
          chequers_hall_statues_wall_a, corexii_hall_statues_t, uniq_robin
D:3:      layout_loops_ring, kennysheep_generic_room_15
D:4:      layout_cave_pools, nicolae_ru_path_of_blood,
          kennysheep_generic_room_14, uniq_natasha, uniq_blork_the_orc,
          uniq_edmund
D:5:      minmay_opposing_rooms, layout_loops_corners, serial_shops, shop, shop,
          kennysheep_small_circle

Skill      XL: |  1  2  3  4  5  6  7  8 |
---------------+-------------------------+-----
Ranged Weapons | 6 7 8 9 10 12 | 12.5
Armour         | 1 |  1.0
Fighting       | 2 3 |  3.0
Dodging        | 3 4 |  4.0
Stealth        | |  1.2

Action                     |  1- 3 |  4- 6 |  7- 9 || total
---------------------------+-------+-------+-------++-------
   Fire: Shortbow          |   100 |   182 |   135 ||   417
    Use: Scroll            |     5 |     8 |     5 ||    18
         Potion            |       |     1 |       ||     1
 Armour: Leather armour    |     8 |       |       ||     8
         Ring mail         |    52 |    65 |    41 ||   158
  Dodge: Dodged            |    49 |    55 |    45 ||   149

Table legend:
 A = Non-vault XP
 B = Vault XP
 C = Vault XP percentage of total XP
 D = Non-vault monster count
 E = Vault monster count
 F = Vault count percentage of total count
                 A         B        C        D         E       F
            +---------+---------+-------+---------+---------+-------
      Total |     920 |     834 |  47.5 |      80 |      27 |  25.2
            +---------+---------+-------+---------+---------+-------
        D:1 |      28 |       0 |   0.0 |      20 |       0 |   0.0
        D:2 |      70 |      34 |  32.7 |      13 |      11 |  45.8
        D:3 |     121 |       3 |   2.4 |      28 |       2 |   6.7
        D:4 |     303 |     288 |  48.7 |      12 |       4 |  25.0
        D:5 |     398 |     509 |  56.1 |       7 |      10 |  58.8
            +---------+---------+-------+---------+---------+-------
